 Dungeon Crawl Stone Soup version 0.30.1-11-g7821555f0a (webtiles) character file.

Game seed: 16368696254156954082

123 Amplified the Caller (level 5, -2/37 HPs)
             Began as a Gnoll Summoner on Nov 9, 2023.
             Slain by Grinder (15 damage)
             ... while paralysed by Grinder
             ... on level 4 of the Dungeon.
             The game lasted 00:03:34 (2876 turns).

Amplified the Caller (Gnoll Summoner)               Turns: 2876, Time: 00:03:34

Health: -2/37      AC:  3    Str: 10    XL:     5   Next: 7%
Magic:  7/12       EV:  2    Int: 14    God:
Gold:   118        SH:  0    Dex: 12    Spells: 3/14 levels left

rFire   . . .        h - +3 spear (vamp)
rCold   . . .        (no shield)
rNeg    . . .        a - +0 robe
rPois   .            (no helmet)
rElec   .            (no cloak)
rCorr   .            t - +0 pair of gloves
SInv    .            (no boots)
Will    .....        (no amulet)
Stlth   +++          (no ring)
HPRegen 0.26/turn    (no ring)
MPRegen 0.13/turn

%: no passive effects
@: paralysed, hasted
A: fangs 1, strong nose, distributed training
a: no special abilities


You were on level 4 of the Dungeon.
You visited 1 branch of the dungeon, and saw 4 of its levels.

You collected 118 gold pieces.

Inventory:

Hand Weapons
 h - a +3 vampiric spear (weapon)
Missiles
 q - 11 poisoned darts
Armour
 a - a +0 robe (worn)
 s - a +2 pair of boots
 t - a +0 pair of gloves (worn)
Magical Staves
 l - a staff of earth
Jewellery
 c - a ring of ice
Scrolls
 i - a scroll of poison
 k - 2 scrolls of teleportation
 o - a scroll of identify
 p - a scroll of magic mapping
Potions
 b - a potion of magic
 d - 3 potions of brilliance
 e - 2 potions of berserk rage
 f - 4 potions of curing
 j - a potion of attraction {unknown}
 m - a potion of invisibility {unknown}
 n - a potion of cancellation {unknown}
 r - a potion of ambrosia {unknown}


   Skills:
 + Level 1.4 Fighting
 + Level 1.4 Short Blades
 + Level 1.4 Long Blades
 + Level 1.4 Axes
 + Level 1.4 Maces & Flails
 + Level 1.4 Polearms
 + Level 1.4 Staves
 + Level 1.4 Ranged Weapons
 + Level 1.4 Throwing
 + Level 1.4 Armour
 + Level 4.7 Dodging
 + Level 4.3 Stealth
 + Level 1.4 Shields
 + Level 1.4 Unarmed Combat
 + Level 5.1 Spellcasting
 + Level 1.1 Conjurations
 + Level 1.1 Hexes
 + Level 7.2 Summonings
 + Level 1.1 Necromancy
 + Level 1.1 Translocations
 + Level 1.1 Transmutations
 + Level 1.1 Fire Magic
 + Level 1.1 Ice Magic
 + Level 1.1 Air Magic
 + Level 1.1 Earth Magic
 + Level 1.1 Poison Magic
 + Level 1.5 Invocations
 + Level 1.4 Evocations


You had 3 spell levels left.
You knew the following spells:

 Your Spells              Type           Power      Damage    Failure   Level
a - Summon Small Mammal   Summ           92%        N/A       1%          1
b - Call Canine Familiar  Summ           23%        N/A       2%          3
c - Summon Guardian Gole  Hex/Summ       15%        N/A       10%         3
d - Summon Lightning Spi  Summ/Air       15%        N/A       30%         4

Your spell library contained the following spells:

 Spells                   Type           Power      Damage    Failure   Level
 Call Imp                 Summ           46%        N/A       1%          2
 Slow                     Hex            24%        N/A       11%         1
 Cigotuvi's Dreadful Rot  Necr/Pois/Air  12%        N/A       16%         2
 Confusing Touch          Hex            6%         N/A       32%         3
 Ignite Poison            Fire/Tmut/Pois 6%         N/A       32%         3
 Vampiric Draining        Necr           6%         2d6       32%         3
 Freezing Cloud           Conj/Ice/Air   3%         6-21      96%         5


Dungeon Overview and Level Annotations

Branches:
Dungeon (4/15)
 Temple: D:4-7

Altars:
Dithmenos
Hepliaklqana
Kikubaaqudgha
Trog

Shops:
D:1 ?

Annotations:
D:4 Grinder


Innate Abilities, Weirdness & Mutations

You have very sharp teeth.
Your uncanny sense of smell can sniff out nearby items.
Your experience applies equally to all skills.


Message History

Grinder hits you.
You writhe in agony.
Unknown command.
You hit Grinder but do no damage.
Grinder is lightly wounded.
Your hound bites Grinder but does no damage.
Grinder drinks a potion.
Grinder seems to grow stronger.
Unknown command.
You closely miss Grinder.
Grinder is lightly wounded.
Your hound barely misses Grinder.
Unknown command.
You hit Grinder.
Grinder is moderately wounded.
Grinder says, "You look like you could use a good racking."
Grinder barely misses you.
Your hound misses Grinder.
Unknown command.
You puncture Grinder! Your bite misses Grinder.
Grinder is heavily wounded.
Your hound bites Grinder.
Grinder hits you!
You writhe in agony.
Unknown command.
You hit Grinder.
Grinder is heavily wounded.
Your hound bites Grinder.
Unknown command.
You hit Grinder.
Grinder is severely wounded.
Grinder says, "I used to sell toenails on the black market."
Grinder hits you.
Your hound bites Grinder.
Unknown command.
You hit Grinder but do no damage.
Grinder is almost dead.
Your hound misses Grinder. Grinder gestures at you.
You suddenly lose the ability to move!
Your hound misses Grinder. Grinder hits you but does no damage.
Your hound bites Grinder but does no damage.
Your hound bites Grinder.
Grinder barely misses you.
Your hound closely misses Grinder.
Grinder hits you!
Your hound bites Grinder.
Your hound misses Grinder. Grinder hits you!
You die...

........##..##...........#
...........K.......)######
............##.........#
.........#..##5#....##.##
.........#.....#........# ##
.............#.#.....#..##.#
.............#)##..........#
.......#.....#)##..#.......#
###########.##95@..#.##.##.#
# #..h...........#
#..#............
#....#.#...##.#.###
#.#...........#.#
........#......#.#
...............##.#.#
..........####......# ....#.
##.#<...##.###


You could see Grinder (strong, ally target), a friendly guardian golem
(summoned) and a friendly hound (summoned, sheltered).

Vanquished Creatures
  2 adders (D:3)
  A worm (D:3)
  4 dart slugs
  5 orcs (D:3)
  4 ball pythons
  4 bats
  3 endoplasms
  2 giant cockroaches
  5 goblins
  4 hobgoblins
  9 jackals
  2 quokkas
  7 frilled lizards
  9 kobolds
  5 rats
66 creatures vanquished.

Vanquished Creatures (collateral kills)
  An adder (D:3)
  2 bats (D:1)
  A giant cockroach (D:1)
  A quokka (D:1)
  A ball python (D:1)
  A frilled lizard (D:1)
  A kobold (D:1)
8 creatures vanquished.

Grand Total: 74 creatures vanquished

Notes
Turn   | Place    | Note
-------+----------+-------------------------------------------
     0 | D:1      | Amplified the Gnoll Summoner began the quest for the Orb.
     0 | D:1      | Reached XP level 1. HP: 13/13 MP: 6/6
   214 | D:1      | Reached XP level 2. HP: 19/19 MP: 5/7
   230 | D:1      | Found Okaem's Magic Scroll Boutique.
   724 | D:2      | Reached skill level 5 in Spellcasting
   724 | D:2      | Reached XP level 3. HP: 25/25 MP: 7/9
   740 | D:2      | Learned a level 3 spell: Call Canine Familiar
   904 | D:2      | Reached skill level 1 in Invocations
  1357 | D:2      | Reached skill level 1 in Fighting
  1357 | D:2      | Reached skill level 1 in Short Blades
  1357 | D:2      | Reached skill level 1 in Long Blades
  1357 | D:2      | Reached skill level 1 in Axes
  1357 | D:2      | Reached skill level 1 in Maces & Flails
  1357 | D:2      | Reached skill level 1 in Polearms
  1357 | D:2      | Reached skill level 1 in Staves
  1357 | D:2      | Reached skill level 1 in Ranged Weapons
  1357 | D:2      | Reached skill level 1 in Throwing
  1357 | D:2      | Reached skill level 1 in Armour
  1357 | D:2      | Reached skill level 1 in Shields
  1357 | D:2      | Reached skill level 1 in Unarmed Combat
  1357 | D:2      | Reached skill level 1 in Evocations
  1698 | D:3      | Reached XP level 4. HP: 17/32 MP: 8/11
  1841 | D:3      | Reached skill level 1 in Conjurations
  1841 | D:3      | Reached skill level 1 in Hexes
  1841 | D:3      | Reached skill level 1 in Necromancy
  1841 | D:3      | Reached skill level 1 in Translocations
  1841 | D:3      | Reached skill level 1 in Transmutations
  1841 | D:3      | Reached skill level 1 in Fire Magic
  1841 | D:3      | Reached skill level 1 in Ice Magic
  1841 | D:3      | Reached skill level 1 in Air Magic
  1841 | D:3      | Reached skill level 1 in Earth Magic
  1841 | D:3      | Reached skill level 1 in Poison Magic
  1954 | D:3      | Learned a level 3 spell: Summon Guardian Golem
  1959 | D:3      | Learned a level 4 spell: Summon Lightning Spire
  2352 | D:3      | Found an ancient bone altar of Kikubaaqudgha.
  2352 | D:3      | Found a shadowy altar of Dithmenos.
  2360 | D:3      | Found a hazy altar of Hepliaklqana.
  2362 | D:3      | Found a faded altar of an unknown god.
  2364 | D:3      | Found a bloodstained altar of Trog.
  2413 | D:3      | Found a faded altar of an unknown god.
  2733 | D:4      | Reached XP level 5. HP: 37/37 MP: 12/12
  2825 | D:4      | Noticed Grinder
  2872 | D:4      | Paralysed by Grinder for 5 turns
  2876 | D:4      | Slain by Grinder

Illustrated notes

Levels and vault maps discovered:
D:1:      ncdulo_lavacross, layout_loops_ring, serial_shops, shop_fountains
D:2:      minmay_alternating_diamond, layout_loops_ring, serial_forest,
          infiniplex_forest_straight_4, infiniplex_forest_end_double,
          infiniplex_forest_lined_room_2, infiniplex_forest_straight_2,
          infiniplex_forest_straight_1, infiniplex_forest_clump_double
D:3:      layout_loops_ring, chequers_temple_overflow_minitemple,
          hellmonk_ecumenical_altar_zigzags, minmay_misc_feat_doors, minmay_puff
D:4:      layout_basic, uniq_grinder

Skill      XL: |  1  2  3  4 |
---------------+-------------+-----
Spellcasting   | 5 |  5.1
Invocations    | 1 |  1.5
Fighting       | 1 |  1.4
Short Blades   | 1 |  1.4
Long Blades    | 1 |  1.4
Axes           | 1 |  1.4
Maces & Flails | 1 |  1.4
Polearms       | 1 |  1.4
Staves         | 1 |  1.4
Ranged Weapons | 1 |  1.4
Throwing       | 1 |  1.4
Armour         | 1 |  1.4
Shields        | 1 |  1.4
Unarmed Combat | 1 |  1.4
Evocations     | 1 |  1.4
Conjurations   | 1 |  1.1
Hexes          | 1 |  1.1
Necromancy     | 1 |  1.1
Translocations | 1 |  1.1
Transmutations | 1 |  1.1
Fire Magic     | 1 |  1.1
Ice Magic      | 1 |  1.1
Air Magic      | 1 |  1.1
Earth Magic    | 1 |  1.1
Poison Magic   | 1 |  1.1
Dodging        | |  4.7
Stealth        | |  4.3
Summonings     | |  7.2

Action                     |  1- 3 |  4- 6 || total
---------------------------+-------+-------++-------
  Melee: Unarmed           |    38 |       ||    38
         Bite              |     8 |     7 ||    15
         Spear             |   115 |    96 ||   211
         Punch             |     1 |     4 ||     5
   Cast: Summon Small Mamm |     8 |       ||     8
         Call Canine Famil |     3 |     4 ||     7
         Summon Guardian G |       |     1 ||     1
    Use: Scroll            |     4 |     4 ||     8
         Potion            |       |     1 ||     1
   Stab: Sleeping          |     9 |     7 ||    16
         Distracted        |     1 |       ||     1
 Armour: Robe              |    37 |     7 ||    44
  Dodge: Dodged            |   104 |    47 ||   151
